 Dungeon Crawl Stone Soup version 0.31-a0-198-g2ad674f65e (webtiles) character file.

Game seed: 10988039832125414412

7858 TittyCrusher the Magician (level 11, -7/72 HPs)
             Began as an Octopode Hedge Wizard on June 25, 2023.
             Was a Believer of Vehumet.
             Mangled by a komodo dragon (22 damage)
             ... on level 1 of the Lair of Beasts on June 26, 2023.
             The game lasted 00:43:32 (12556 turns).

TittyCrusher the Magician (Octopode Hedge Wizard)  Turns: 12556, Time: 00:43:33

Health: -7/72      AC:  3    Str: 14    XL:     11   Next: 21%
Magic:  13/21      EV: 14    Int: 16    God:    Vehumet [**....]
Gold:   347        SH: 10    Dex: 12    Spells: 4/24 levels left

rFire   . . .        a - +2 whip (elec)
rCold   . . .        C - +0 buckler
rNeg    . . .        n - +2 hat
rPois   .            D - amulet of reflection
rElec   .            (no ring)
rCorr   .            (no ring)
SInv    .            (no ring)
Will    .....        (no ring)
Stlth   +++          (no ring)
HPRegen 0.32/turn    (no ring)
MPRegen 0.17/turn    (no ring)
                     (no ring)

%: reflection
@: on blink cooldown
A: almost no armour, amphibious, 8 rings, camouflage 1, gelatinous body 1,
(nimble swimmer 1), tentacles
a: Renounce Religion


You were on level 1 of the Lair of Beasts.
You worshipped Vehumet.
Vehumet was pleased with you.
You visited 3 branches of the dungeon, and saw 11 of its levels.

You collected 538 gold pieces.
You spent 191 gold pieces at shops.

Inventory:

Hand Weapons
 a - a +2 whip of electrocution (weapon)
 m - a +0 sling
 o - a +0 flail of venom
 w - the +2 flail of the Swamp {freeze, Contam rCorr Dex+5}
   (You found it on level 5 of the Dungeon)

   Dex:       It affects your dexterity (+5).
   Contam:    It causes magical contamination when unequipped.
   rCorr:     It protects you from acid and corrosion.
Missiles
 g - 34 poisoned darts
 v - 2 throwing nets
 y - 2 boomerangs of dispersal
 F - 4 javelins
 H - 5 curare-tipped darts
Armour
 n - a +2 hat (worn)
 C - a +0 buckler (worn)
 I - a +0 kite shield
Magical Staves
 b - a staff of poison
 B - a staff of death
Jewellery
 D - an amulet of reflection (around mantle)
Wands
 s - a wand of paralysis (24)
 G - a wand of mindburst (4)
Scrolls
 e - a scroll of fog {unknown}
 i - a scroll of enchant armour {unknown}
 j - 2 scrolls of teleportation
 q - a scroll of vulnerability {unknown}
 r - a scroll of fear
 u - a scroll of enchant weapon {unknown}
 x - a scroll of silence {unknown}
 z - a scroll of revelation {unknown}
 A - a scroll of immolation {unknown}
 E - a scroll of torment {unknown}
Potions
 c - a potion of magic
 d - a potion of enlightenment
 f - 2 potions of cancellation
 h - 2 potions of curing
 k - 5 potions of lignification
 l - a potion of heal wounds
 t - a potion of brilliance


   Skills:
 - Level 5.5 Fighting
 - Level 4.1 Maces & Flails
 - Level 5.0 Dodging
 - Level 2.6 Stealth
 - Level 5.5 Shields
 - Level 7.2 Spellcasting
 - Level 4.7 Conjurations
 - Level 1.0 Summonings
 - Level 7.1 Necromancy
 - Level 4.0 Translocations
 + Level 5.0 Air Magic
 - Level 4.4 Poison Magic


You had 4 spell levels left.
You knew the following spells:

 Your Spells              Type           Power      Damage    Failure   Level
a - Magic Dart            Conj           80%        1d7       2%          1
b - Blink                 Tloc           36%        N/A       4%          2
c - Call Imp              Summ           18%        N/A       16%         2
d - Mephitic Cloud        Conj/Pois/Air  20%        N/A       7%          3
e - Foxfire               Conj/Fire      52%        2x1d6     6%          1
f - Vampiric Draining     Necr           28%        2d8       2%          3
g - Agony                 Necr           28%        N/A       22%         5
h - Swiftness             Air            21%        N/A       6%          3

Your spell library contained the following spells:

 Spells                   Type           Power      Damage    Failure   Level
 Poisonous Vapours        Pois/Air       40%        N/A       3%          2
 Necrotise                Necr           100%       1d9       1%          1
 Cigotuvi's Dreadful Rot  Necr/Pois/Air  46%        N/A       2%          2
 Slow                     Hex            20%        N/A       16%         1
 Portal Projectile        Hex/Tloc       24%        N/A       21%         3
 Ensorcelled Hibernation  Hex/Ice        10%        N/A       24%         2
 Passwall                 Tmut/Erth      4%         N/A       24%         2
 Call Canine Familiar     Summ           9%         N/A       30%         3
 Leda's Liquefaction      Hex/Erth       2%         N/A       83%         4


Dungeon Overview and Level Annotations

Branches:
Dungeon (9/15)             Temple (1/1) D:4            Lair (1/5) D:8
    Orc: D:9-12

Altars:
Cheibriados
Dithmenos
Elyvilon
Hepliaklqana
Makhleb
Nemelex Xobeh
Okawaru
Qazlal
Ru
Trog
Uskayaw
Vehumet
The Shining One
Lugonu

Shops:
D:1 ?*   D:4 (

Portals:
Abyss: D:5

Annotations:
D:2 Sigmund
D:3 1 runed translucent door, Crazy Yiuf
D:7 exclusion: door


Innate Abilities, Weirdness & Mutations

You cannot wear most types of armour.
You are amphibious.
You can wear up to eight rings at the same time.
Your skin changes colour to match your surroundings (Stealth+).
Your rubbery body absorbs attacks. (AC +1, EV +1)
((You are camouflaged when in or above water. (Stealth+)))
You have tentacles for arms and can constrict up to eight enemies at once.


Message History

Confirm with . or Enter, or press ? or * to list all spells.
Aiming: Magic Dart (safe; 2% risk of failure)
Press: ? - help, Shift-Dir - straight line, f/p - komodo dragon
Aim: a komodo dragon (almost dead, confused, 100% to hit)
The magic dart hits the komodo dragon but does no damage.
The komodo dragon is almost dead.
Unknown command.
Unknown command.
You strike the helpless komodo dragon from behind!
You hit the komodo dragon but do no damage.
The komodo dragon is almost dead.
The komodo dragon closely misses you.
You barely miss the komodo dragon.
The komodo dragon is almost dead.
The komodo dragon bites you!!
* * * LOW HITPOINT WARNING * * *
Unknown command.
Casting: Magic Dart (safe; 2% risk of failure)
Confirm with . or Enter, or press ? or * to list all spells.
You blink.
Unknown command.
Unknown command.
Casting: Blink (safe; 4% risk of failure)
Confirm with . or Enter, or press ? or * to list all spells.
Aiming: Mephitic Cloud (dangerous; 7% risk of failure)
Press: ? - help, Shift-Dir - straight line, f/p - komodo dragon
Aim: a komodo dragon (almost dead, confused, chance to affect: 62%)
The ball explodes into a vile cloud!
The stinking cloud engulfs the komodo dragon but does no damage.
The komodo dragon is almost dead.
The komodo dragon is engulfed in noxious fumes.
Unknown command.
Unknown command.
Okay, then.
The komodo dragon seems less confused.
The komodo dragon is engulfed in noxious fumes.
You see here a water moccasin corpse.
The komodo dragon attacks as you move away!
The komodo dragon bites you!!
You die...

..........
#.#!..#..# ..l.. ...
.). #.## #.#
#..##### ##.##
#.##...
#P..###.##.##
####.##.#.....######
................@l.#
..##..#.###...##.#.#
# #.##.# ##..####.#
#.#..# #.## #.#
#.#..# P.# ##.#
..##.# ##.## #..#
..##.## #.. #..#
#.###.#.##.#####.#
#.............#


You could see a komodo dragon.

Vanquished Creatures
  Harold (D:9)
  A two-headed ogre (D:8)
  A black mamba (D:8)
  2 cane toads (Lair:1)
  A rime drake (D:8)
  A troll (D:9)
  2 polar bears (D:8)
  Grinder (D:3)
  A vampire (D:8)
  5 yaks (D:9)
  A steam dragon (D:6)
  3 water moccasins
  4 orc warriors
  A sky beast (D:8)
  A black bear (D:4)
  4 ice beasts
  2 ogres
  2 centaurs
  A phantom (D:5)
  4 bullfrogs
  4 kobold brigands
  3 scorpions
  2 gnoll sergeants
  3 wights (D:8)
  7 killer bees (D:9)
  3 orc priests
  3 hounds
  A jelly (D:7)
  A gnoll bouda (D:8)
  A sleepcap (D:6)
  3 iguanas
  4 orc wizards
  11 gnolls
  9 adders
  4 worms
  8 dart slugs
  31 orcs
  7 ball pythons
  An endoplasm (D:2)
  2 giant cockroaches
  6 hobgoblins
  4 jackals (D:3)
  2 quokkas
  8 bats
  6 frilled lizards
  13 goblins
  21 kobolds
  5 rats
  A butterfly (D:4)
213 creatures vanquished.

Vanquished Creatures (collateral kills)
  2 killer bees (D:9)
  An orc (D:6)
3 creatures vanquished.

Grand Total: 216 creatures vanquished

Notes
Turn   | Place    | Note
-------+----------+-------------------------------------------
     0 | D:1      | TittyCrusher the Octopode Hedge Wizard began the quest for
                  | the Orb.
     0 | D:1      | Reached XP level 1. HP: 11/11 MP: 4/4
   249 | D:1      | Reached XP level 2. HP: 17/17 MP: 0/6
   309 | D:1      | Learned a level 2 spell: Blink
   312 | D:1      | Learned a level 2 spell: Call Imp
   427 | D:1      | Found Ujialufo's General Store.
   836 | D:1      | Reached XP level 3. HP: 21/21 MP: 1/7
  1029 | D:1      | Found Ceamiudgh's Magic Scroll Boutique.
  1036 | D:1      | Bought a scroll of identify for 26 gold pieces
  1616 | D:1      | Bought a scroll of teleportation for 39 gold pieces
  1672 | D:2      | Noticed Sigmund
  1678 | D:2      | Learned a level 3 spell: Mephitic Cloud
  1805 | D:2      | Reached XP level 4. HP: 27/27 MP: 5/8
  2220 | D:1      | Bought a scroll of butterflies for 44 gold pieces
  2229 | D:2      | Reached skill level 1 in Air Magic
  2285 | D:3      | Reached skill level 1 in Poison Magic
  2359 | D:3      | Noticed a bullfrog
  2510 | D:3      | Killed a bullfrog
  2511 | D:3      | Reached XP level 5. HP: 29/31 MP: 5/9
  2821 | D:3      | Noticed Grinder
  2951 | D:3      | Killed Grinder
  2952 | D:3      | Reached XP level 6. HP: 15/36 MP: 10/10
  3211 | D:3      | Found a runed translucent door.
  3212 | D:3      | Noticed Crazy Yiuf
  3577 | D:4      | Reached XP level 7. HP: 41/41 MP: 11/11
  3718 | D:4      | Found a staircase to the Ecumenical Temple.
  3723 | Temple   | Entered the Ecumenical Temple
  3748 | Temple   | Became a worshipper of Vehumet
  4227 | D:4      | Reached skill level 5 in Air Magic
  4398 | D:4      | Found Jil Ogov's Antique Weapon Emporium.
  4556 | D:5      | Entered Level 5 of the Dungeon
  4564 | D:5      | Identified the +2 flail of the Swamp {freeze, Contam rCorr
                  | Dex+5}
  4793 | D:5      | Reached XP level 8. HP: 46/46 MP: 9/13
  4839 | D:5      | Found a large runed translucent door.
  4842 | D:5      | Found a large runed translucent door.
  4843 | D:5      | Found a corrupted altar of Lugonu.
  4965 | D:5      | Found a one-way gate to the infinite horrors of the Abyss.
  5063 | D:1      | Bought a scroll of blinking for 82 gold pieces
  5730 | D:6      | Reached * piety under Vehumet
  5730 | D:6      | Offered knowledge of Foxfire by Vehumet.
  5820 | D:6      | Reached skill level 5 in Spellcasting
  6333 | D:6      | Reached XP level 9. HP: 51/51 MP: 16/18
  7050 | D:7      | Reached skill level 1 in Shields
  8433 | D:8      | Noticed a polar bear
  8460 | D:8      | Killed a polar bear
  8461 | D:8      | Reached skill level 5 in Shields
  8479 | D:8      | Noticed a polar bear
  8615 | D:8      | Killed a polar bear
  8640 | D:8      | Noticed a rime drake
  9296 | D:8      | Killed a rime drake
  9304 | D:8      | Reached skill level 5 in Dodging
  9372 | D:8      | Found a staircase to the Lair.
  9387 | D:8      | Noticed a two-headed ogre
  9393 | D:8      | Reached skill level 1 in Fighting
  9393 | D:8      | Reached XP level 10. HP: 23/59 MP: 18/20
  9760 | D:7      | Learned a level 1 spell: Foxfire
 10413 | D:8      | Killed a two-headed ogre
 10413 | D:8      | Offered knowledge of Searing Ray by Vehumet.
 10414 | D:8      | Reached skill level 5 in Fighting
 10416 | D:8      | Reached ** piety under Vehumet
 10810 | D:8      | Learned a level 3 spell: Vampiric Draining
 10851 | D:9      | Found a sacrificial altar of Ru.
 10923 | D:9      | Found a sparkling altar of Nemelex Xobeh.
 10926 | D:9      | Found a snail-covered altar of Cheibriados.
 11132 | D:9      | Reached skill level 1 in Necromancy
 11323 | D:9      | Noticed Harold
 11342 | D:9      | Killed Harold
 11444 | D:9      | Reached skill level 5 in Necromancy
 11594 | D:9      | Noticed a two-headed ogre
 11870 | D:9      | Learned a level 5 spell: Agony
 11930 | D:9      | Reached XP level 11. HP: 60/72 MP: 11/21
 12074 | D:9      | Reached skill level 1 in Maces & Flails
 12128 | D:9      | Noticed a purple ugly thing
 12135 | D:9      | Noticed a cyclops
 12212 | Lair:1   | Entered Level 1 of the Lair of Beasts
 12224 | D:8      | HP: 1/72 [black mamba (12)]
 12383 | Lair:1   | Offered knowledge of Poisonous Vapours by Vehumet.
 12494 | Lair:1   | Learned a level 3 spell: Swiftness
 12556 | Lair:1   | Mangled by a komodo dragon

Illustrated notes

Levels and vault maps discovered:
D:1:      heliophobic_arrival_battle_scene, layout_rooms, serial_shops, shop,
          nicolae_shop_trees
D:2:      layout_rooms, wander_ebering_terrifying_dragon_lair, uniq_sigmund
D:3:      layout_loops_ring, uniq_crazy_yiuf_cottage, uniq_grinder
D:4:      layout_loops_ring, minmay_temple_entry_butterflies,
          kennysheep_windowed_goal
D:5:      due_chaos_kobolds, layout_rooms
D:6:      layout_basic
D:7:      layout_loops_corners, minmay_nine_imps
D:8:      layout_basic, hellmonk_lair_entry_icy
D:9:      nzn_winding_woodlands_three_and_one
          [nzn_winding_woodlands_5x15_split_checker,
          nzn_winding_woodlands_5x15_twine,
          nzn_winding_woodlands_5x15_longhouse,
          nzn_winding_woodlands_center_diamonds], layout_loops_ring,
          nicolae_overflow_hidden_temple, nicolae_eternal_life,
          minmay_misc_feat_diagonals, uniq_harold
Temple:   nicolae_temple_bog_church
Lair:1:   layout_loops_ring, hibernation_bobbens, uniq_sonja

Skill      XL: |  1  2  3  4  5  6  7  8  9 10 11 |
---------------+----------------------------------+-----
Conjurations   | 2 3 4 |  4.7
Air Magic      | 2 4 5 |  5.0
Poison Magic   | 2 3 4 |  4.4
Translocations | 2 4 |  4.0
Spellcasting   | 6 7 |  7.2
Shields        | 5 |  5.5
Dodging        | 5 |  5.0
Fighting       | 1 5 |  5.5
Necromancy     | 6 7 |  7.1
Maces & Flails | 4 |  4.1
Stealth        | |  2.6
Summonings     | |  1.0

Action                     |  1- 3 |  4- 6 |  7- 9 | 10-12 || total
---------------------------+-------+-------+-------+-------++-------
  Melee: Dagger            |    18 |     1 |       |       ||    19
         Constrict         |     5 |    15 |    54 |    18 ||    92
         Tentacles         |     6 |    12 |    71 |    35 ||   124
         Whip              |       |    52 |   249 |   130 ||   431
         Punch             |       |     1 |     1 |     2 ||     4
         Flail             |       |       |     5 |       ||     5
   Cast: Magic Dart        |    96 |    43 |    79 |    32 ||   250
         Call Imp          |     1 |       |     5 |     1 ||     7
         Mephitic Cloud    |       |     3 |    31 |    29 ||    63
         Blink             |       |       |     1 |     4 ||     5
         Vampiric Draining |       |       |       |     5 ||     5
  Evoke: Wand              |       |     2 |     5 |    16 ||    23
    Use: Scroll            |     3 |     3 |     5 |     7 ||    18
         Potion            |       |     2 |       |     6 ||     8
   Stab: Sleeping          |       |     2 |     3 |     1 ||     6
         Confused          |       |     2 |    13 |     8 ||    23
         Distracted        |       |       |     1 |       ||     1
         Paralysed         |       |       |       |     8 ||     8
         Invisible         |       |       |       |     1 ||     1
 Armour: Skin              |     5 |     6 |    30 |     9 ||    50
  Dodge: Dodged            |    13 |    21 |   112 |    46 ||   192
  Block: Buckler           |       |       |    36 |    44 ||    80
         Reflection        |       |       |     1 |     2 ||     3

Table legend: (Time is in decaauts)
 A = Elapsed time spent in this place.
 B = Non-inter-level travel time spent in this place.
 C = Inter-level travel time spent in this place.
 D = Time resting spent in this place.
 E = Time spent auto-exploring this place.
 F = Levels seen in this place.
 G = Mean time per level.
                   A        B        C        D        E       F      G
               +--------+--------+--------+--------+--------+-----+--------+
         Total |  12616 |  11467 |   1149 |   3012 |   5228 |  11 | 1146.9 |
       Dungeon |  12369 |  11240 |   1129 |   2981 |   5200 |   9 | 1374.3 |
        Temple |     46 |     26 |     20 |      0 |     13 |   1 |   46.0 |
          Lair |    199 |    199 |      0 |     31 |     15 |   1 |  199.0 |
               +--------+--------+--------+--------+--------+-----+--------+

Top non-repeatable levels by time:
     D:8: 2083 daAuts
     D:7: 1542 daAuts
     D:1: 1531 daAuts
     D:6: 1491 daAuts
     D:9: 1327 daAuts
     D:3: 1286 daAuts
     D:5: 1096 daAuts
     D:4: 1064 daAuts
     D:2: 945 daAuts
  Lair:1: 199 daAuts
  Temple: 46 daAuts
